[ AOE2 MATCH · #505196588 ]
UnrankedIncas vs Goths
Player's team · WIN
Rival team · LOSS
[ REPLAY ANALYSIS · EXTRACTED FROM THE RECORDED GAME ]
Feudal
8:51
Castle
24:08
Imperial
—
| APM avg | 79.7 |
| APM peak | 119 |
| eAPM avg | 43.2 |
| Villagers / military | 90 / 40 |
Focus
⚔️ 61.0% · 🌾 39.0%
Skirmisher ×37 · Unknown (2550) ×24 · Archer ×3
Feudal
10:29
Castle
22:12
Imperial
—
| APM avg | 63.8 |
| APM peak | 101 |
| eAPM avg | 31.2 |
| Villagers / military | 75 / 61 |
Focus
⚔️ 42.3% · 🌾 57.7%
Cavalry Archer ×35 · Archer ×13 · Skirmisher ×9 · Militia ×3 · Mangonel ×1
Match map
Initial resources + every placement click. Lines = walls · curves = elevation contours. ◆ gold · ⬟ stone · ● berries · ✦ relic · ◌ wall gap
Your base· Open — opponent sealed themselves in
Doner Kebab épicé's base· Open — 4t gap
Smoothed initial terrain · ◌ = detected wall gap · hover for details
Inputs per minute
— Kaeften - - Doner Kebab épicé
Build order — Kaeften
First 150 of 252 actions detected
| 0:00 | Create | Villager (Male) ×4 |
| 0:02 | Build | House |
| 0:04 | Build | House |
| 1:26 | Create | Villager (Male) |
| 1:50 | Build | Settlement |
| 2:00 | Create | Villager (Male) |
| 2:14 | Create | Villager (Male) |
| 2:44 | Create | Villager (Male) |
| 3:03 | Create | Villager (Male) |
| 3:35 | Create | Villager (Male) |
| 3:59 | Create | Villager (Male) |
| 4:25 | Create | Villager (Male) |
| 4:43 | Create | Villager (Male) |
| 5:12 | Create | Villager (Male) |
| 5:16 | Create | Villager (Male) |
| 5:30 | Build | Settlement |
| 6:01 | Research | Loom |
| 6:41 | Research | Feudal Age |
| 7:06 | Build | Barracks |
| 7:11 | Create | Villager (Male) |
| 7:17 | Build | Palisade Wall |
| 7:18 | Build | Palisade Wall |
| 7:20 | Build | Palisade Wall |
| 7:23 | Build | Palisade Wall |
| 7:26 | Create | Villager (Male) |
| 7:33 | Build | Palisade Wall |
| 7:35 | Build | Palisade Wall |
| 7:44 | Create | Villager (Male) |
| 8:15 | Create | Unit 2550 |
| 8:16 | Create | Unit 2550 |
| 8:16 | Create | Villager (Male) |
| 8:39 | Build | Palisade Wall |
| 8:43 | Build | Palisade Wall |
| 8:46 | Build | Palisade Wall |
| 8:49 | Build | Palisade Wall |
| 8:51 | Age | Feudal Age |
| 9:00 | Build | Archery Range |
| 9:28 | Build | Palisade Wall |
| 9:30 | Create | Villager (Male) |
| 9:46 | Create | Villager (Male) |
| 9:50 | Create | Villager (Male) |
| 9:53 | Build | House |
| 9:55 | Build | Palisade Wall |
| 10:01 | Create | Villager (Male) |
| 10:05 | Create | Villager (Male) |
| 10:19 | Research | Double-Bit Axe |
| 10:19 | Create | Villager (Male) |
| 10:29 | Build | Palisade Wall |
| 10:38 | Create | Skirmisher |
| 10:49 | Create | Villager (Male) |
| 10:51 | Create | Skirmisher |
| 10:59 | Build | Palisade Wall |
| 11:03 | Build | House |
| 11:05 | Build | Palisade Wall |
| 11:09 | Create | Villager (Male) |
| 11:13 | Build | Palisade Wall |
| 11:17 | Build | Farm |
| 11:17 | Build | Farm |
| 11:23 | Build | Palisade Wall |
| 11:32 | Create | Villager (Male) |
| 11:59 | Create | Archer |
| 12:03 | Build | Farm |
| 12:06 | Create | Villager (Male) |
| 12:26 | Create | Archer |
| 12:33 | Build | Palisade Wall |
| 12:39 | Build | Farm |
| 12:44 | Create | Villager (Male) |
| 12:57 | Create | Skirmisher |
| 12:58 | Create | Villager (Male) |
| 13:18 | Research | Tech 1402 |
| 13:31 | Build | Palisade Wall |
| 13:33 | Create | Villager (Male) |
| 13:43 | Create | Villager (Male) |
| 13:46 | Build | Blacksmith |
| 13:52 | Create | Skirmisher |
| 13:55 | Create | Unit 2550 |
| 14:02 | Create | Villager (Male) |
| 14:14 | Build | Farm |
| 14:23 | Research | Fletching |
| 14:23 | Create | Villager (Male) |
| 14:39 | Create | Skirmisher |
| 14:45 | Build | House |
| 14:53 | Create | Unit 2550 |
| 14:55 | Create | Skirmisher |
| 14:57 | Create | Villager (Male) |
| 14:59 | Build | Farm |
| 15:09 | Create | Villager (Male) |
| 15:11 | Create | Skirmisher |
| 15:26 | Build | House |
| 15:29 | Build | Palisade Wall |
| 15:30 | Build | Palisade Wall |
| 15:36 | Create | Skirmisher |
| 15:38 | Create | Unit 2550 |
| 16:04 | Research | Padded Archer Armor |
| 16:15 | Create | Unit 2550 |
| 16:21 | Create | Villager (Male) |
| 16:39 | Create | Villager (Male) |
| 16:41 | Build | Farm |
| 16:43 | Build | Settlement |
| 16:44 | Build | Farm |
| 16:45 | Build | Farm |
| 16:46 | Build | Farm |
| 16:48 | Create | Skirmisher |
| 17:01 | Research | Arson |
| 17:16 | Create | Villager (Male) |
| 17:31 | Build | Farm |
| 17:32 | Build | Farm |
| 17:33 | Build | Farm |
| 17:34 | Build | Farm |
| 17:36 | Create | Villager (Male) |
| 17:38 | Create | Archer |
| 17:42 | Create | Unit 2550 |
| 18:09 | Research | Scale Mail Armor |
| 18:09 | Research | Scale Mail Armor |
| 18:21 | Create | Villager (Male) |
| 18:36 | Create | Villager (Male) |
| 18:37 | Build | Farm |
| 18:42 | Build | Market |
| 18:57 | Create | Unit 2550 |
| 18:57 | Create | Villager (Male) |
| 19:10 | Create | Skirmisher |
| 19:10 | Create | Villager (Male) |
| 19:12 | Create | Unit 2550 |
| 19:17 | Build | Settlement |
| 19:41 | Create | Skirmisher |
| 19:49 | Create | Skirmisher |
| 19:49 | Create | Villager (Male) |
| 19:53 | Build | Farm |
| 19:54 | Build | Farm |
| 19:59 | Research | Horse Collar |
| 20:03 | Create | Villager (Male) |
| 20:13 | Build | Farm |
| 20:17 | Create | Skirmisher |
| 20:18 | Create | Villager (Male) |
| 20:30 | Create | Skirmisher |
| 20:31 | Create | Villager (Male) |
| 20:39 | Create | Villager (Male) |
| 21:28 | Research | Castle Age |
| 21:32 | Build | Barracks |
| 21:33 | Create | Unit 2550 |
| 21:33 | Create | Unit 2550 |
| 21:54 | Create | Villager (Male) |
| 22:04 | Create | Skirmisher |
| 22:05 | Create | Unit 2550 |
| 22:06 | Create | Villager (Male) |
| 22:14 | Build | Farm |
| 22:15 | Build | Farm |
| 22:17 | Build | Farm |
| 22:29 | Create | Skirmisher |
| 22:30 | Create | Unit 2550 |
Build order — Doner Kebab épicé
First 150 of 250 actions detected
| 0:00 | Create | Villager (Male) |
| 0:00 | Create | Villager (Male) |
| 0:00 | Create | Villager (Male) |
| 0:01 | Build | House |
| 0:02 | Build | House |
| 0:12 | Create | Villager (Male) |
| 1:20 | Create | Villager (Male) |
| 1:56 | Build | Lumber Camp |
| 2:07 | Create | Villager (Male) |
| 2:08 | Create | Villager (Male) |
| 2:40 | Create | Villager (Male) |
| 3:13 | Create | Villager (Male) |
| 3:46 | Create | Villager (Male) |
| 3:51 | Build | House |
| 4:01 | Create | Villager (Male) |
| 4:01 | Create | Villager (Male) |
| 4:36 | Create | Villager (Male) |
| 4:36 | Create | Villager (Male) |
| 4:39 | Build | Barracks |
| 5:24 | Create | Villager (Male) |
| 5:34 | Create | Militia |
| 5:35 | Create | Militia |
| 5:40 | Build | House |
| 5:50 | Create | Villager (Male) |
| 6:06 | Create | Villager (Male) |
| 6:14 | Create | Militia |
| 6:34 | Build | House |
| 6:39 | Create | Villager (Male) |
| 6:39 | Research | Loom |
| 7:22 | Create | Villager (Male) |
| 7:22 | Research | Loom |
| 7:54 | Create | Villager (Male) |
| 8:13 | Research | Feudal Age |
| 8:15 | Build | Mining Camp |
| 8:17 | Build | Mill |
| 8:54 | Build | Palisade Wall |
| 8:57 | Build | Palisade Wall |
| 9:32 | Build | Palisade Wall |
| 9:47 | Create | Villager (Male) |
| 10:29 | Age | Feudal Age |
| 10:36 | Build | Palisade Wall |
| 10:38 | Build | Palisade Wall |
| 10:38 | Build | Palisade Wall |
| 10:39 | Build | Palisade Wall |
| 10:42 | Build | Palisade Wall |
| 10:45 | Build | Archery Range |
| 10:55 | Research | Man-at-Arms (upgrade) |
| 11:02 | Build | House |
| 11:07 | Build | House |
| 11:07 | Build | Palisade Wall |
| 11:09 | Create | Villager (Male) |
| 11:09 | Create | Villager (Male) |
| 11:12 | Build | Farm |
| 11:12 | Build | Farm |
| 11:34 | Build | Farm |
| 11:35 | Build | Farm |
| 11:35 | Create | Archer |
| 11:35 | Create | Archer |
| 11:49 | Create | Villager (Male) |
| 11:56 | Build | Farm |
| 12:03 | Create | Villager (Male) |
| 12:22 | Build | Farm |
| 12:30 | Create | Archer |
| 12:36 | Create | Villager (Male) |
| 12:41 | Build | Palisade Wall |
| 12:52 | Create | Villager (Male) |
| 12:53 | Build | Farm |
| 13:03 | Build | House |
| 13:15 | Create | Archer |
| 13:28 | Research | Double-Bit Axe |
| 13:34 | Create | Villager (Male) |
| 13:42 | Build | Palisade Wall |
| 13:43 | Build | Palisade Wall |
| 13:43 | Build | Palisade Wall |
| 13:44 | Build | Palisade Wall |
| 13:48 | Build | Palisade Wall |
| 13:49 | Create | Villager (Male) |
| 14:01 | Create | Archer |
| 14:01 | Create | Archer |
| 14:09 | Build | House |
| 14:20 | Build | Farm |
| 14:22 | Create | Villager (Male) |
| 14:36 | Build | Farm |
| 14:41 | Create | Archer |
| 14:57 | Build | Palisade Wall |
| 15:04 | Create | Villager (Male) |
| 15:04 | Create | Villager (Male) |
| 15:26 | Build | Blacksmith |
| 15:31 | Create | Villager (Male) |
| 15:34 | Create | Archer |
| 15:34 | Create | Archer |
| 15:39 | Create | Skirmisher |
| 15:39 | Create | Skirmisher |
| 15:40 | Create | Skirmisher |
| 15:51 | Build | House |
| 15:59 | Create | Villager (Male) |
| 16:16 | Build | Farm |
| 16:20 | Research | Fletching |
| 16:24 | Create | Archer |
| 16:26 | Build | Farm |
| 16:36 | Build | Farm |
| 16:41 | Create | Skirmisher |
| 16:45 | Create | Villager (Male) |
| 16:45 | Create | Villager (Male) |
| 16:59 | Research | Padded Archer Armor |
| 17:00 | Create | Skirmisher |
| 17:00 | Create | Skirmisher |
| 17:02 | Create | Villager (Male) |
| 17:13 | Build | Farm |
| 17:15 | Create | Villager (Male) |
| 17:23 | Build | House |
| 17:44 | Build | House |
| 18:14 | Create | Skirmisher |
| 18:15 | Create | Villager (Male) |
| 18:37 | Build | Farm |
| 18:37 | Build | Farm |
| 18:37 | Build | Farm |
| 18:37 | Build | Farm |
| 18:37 | Build | Farm |
| 18:38 | Build | Farm |
| 18:38 | Build | Farm |
| 18:39 | Build | Farm |
| 18:55 | Create | Villager (Male) |
| 19:32 | Research | Castle Age |
| 19:44 | Build | House |
| 19:51 | Create | Archer |
| 19:51 | Create | Archer |
| 20:04 | Build | Palisade Wall |
| 20:08 | Build | Lumber Camp |
| 21:08 | Create | Villager (Male) |
| 21:29 | Create | Skirmisher |
| 21:29 | Create | Skirmisher |
| 21:31 | Build | Archery Range |
| 22:09 | Research | Horse Collar |
| 22:12 | Age | Castle Age |
| 22:27 | Create | Cavalry Archer |
| 22:28 | Create | Cavalry Archer |
| 22:28 | Create | Cavalry Archer |
| 22:30 | Research | Bodkin Arrow |
| 22:36 | Build | Town Center |
| 22:37 | Research | Bow Saw |
| 22:41 | Build | House |
| 22:48 | Build | Palisade Gate |
| 22:54 | Create | Villager (Male) |
| 22:54 | Create | Villager (Male) |
| 22:57 | Build | House |
| 22:57 | Build | House |
| 22:59 | Build | House |
| 23:08 | Create | Villager (Male) |
| 23:18 | Create | Cavalry Archer |
Match timeline
| 4:39 | Doner Kebab épicé · first_building Barracks |
| 7:06 | Kaeften · first_building Barracks |
| 7:17 | Kaeften · wall_segment Palisade Wall x1 |
| 7:18 | Kaeften · wall_segment Palisade Wall x1 |
| 7:20 | Kaeften · wall_segment Palisade Wall x1 |
| 7:23 | Kaeften · wall_segment Palisade Wall x1 |
| 7:33 | Kaeften · wall_segment Palisade Wall x1 |
| 7:35 | Kaeften · wall_segment Palisade Wall x1 |
| 8:39 | Kaeften · wall_segment Palisade Wall x2 |
| 8:43 | Kaeften · wall_segment Palisade Wall x2 |
| 8:46 | Kaeften · wall_segment Palisade Wall x2 |
| 8:49 | Kaeften · wall_segment Palisade Wall x1 |
| 8:51 | Kaeften · age_up feudal |
| 8:54 | Doner Kebab épicé · wall_segment Palisade Wall x1 |
| 8:57 | Doner Kebab épicé · wall_segment Palisade Wall x1 |
| 9:00 | Kaeften · first_building Archery Range |
| 9:28 | Kaeften · wall_segment Palisade Wall x4 |
| 9:32 | Doner Kebab épicé · wall_segment Palisade Wall x7 |
| 9:55 | Kaeften · wall_segment Palisade Wall x1 |
| 10:29 | Doner Kebab épicé · age_up feudal |
| 10:29 | Kaeften · wall_segment Palisade Wall x1 |
| 10:36 | Doner Kebab épicé · wall_segment Palisade Wall x1 |
| 10:38 | Doner Kebab épicé · wall_segment Palisade Wall x1 |
| 10:38 | Doner Kebab épicé · wall_segment Palisade Wall x1 |
| 10:39 | Doner Kebab épicé · wall_segment Palisade Wall x1 |
| 10:42 | Doner Kebab épicé · wall_segment Palisade Wall x2 |
| 10:45 | Doner Kebab épicé · first_building Archery Range |
| 10:59 | Kaeften · wall_segment Palisade Wall x1 |
| 11:05 | Kaeften · wall_segment Palisade Wall x1 |
| 11:07 | Doner Kebab épicé · wall_segment Palisade Wall x1 |
| 11:13 | Kaeften · wall_segment Palisade Wall x1 |
| 11:23 | Kaeften · wall_segment Palisade Wall x1 |
| 12:33 | Kaeften · wall_segment Palisade Wall x1 |
| 12:41 | Doner Kebab épicé · wall_segment Palisade Wall x11 |
| 13:31 | Kaeften · wall_segment Palisade Wall x1 |
| 13:42 | Doner Kebab épicé · wall_segment Palisade Wall x1 |
| 13:43 | Doner Kebab épicé · wall_segment Palisade Wall x2 |
| 13:43 | Doner Kebab épicé · wall_segment Palisade Wall x1 |
| 13:44 | Doner Kebab épicé · wall_segment Palisade Wall x1 |
| 13:48 | Doner Kebab épicé · wall_segment Palisade Wall x8 |
| 14:57 | Doner Kebab épicé · wall_segment Palisade Wall x12 |
| 15:29 | Kaeften · wall_segment Palisade Wall x3 |
| 15:30 | Kaeften · wall_segment Palisade Wall x13 |
| 20:04 | Doner Kebab épicé · wall_segment Palisade Wall x1 |
| 21:05 | Kaeften · first_market_sell 500 stone |
| 21:06 | Kaeften · first_market_buy 100 food |
| 22:12 | Doner Kebab épicé · age_up castle |
| 24:08 | Kaeften · age_up castle |
| 26:59 | Doner Kebab épicé · first_building Siege Workshop |
| 28:15 | Kaeften · wall_segment Palisade Wall x3 |
| 30:15 | Kaeften · wall_segment Palisade Wall x2 |
| 30:39 | Doner Kebab épicé · first_building Monastery |
| 30:55 | Doner Kebab épicé · wall_segment Palisade Wall x1 |
| 31:02 | Kaeften · first_building Monastery |
| 31:46 | Doner Kebab épicé · resign |
[ AI ANALYSIS · 1 CREDIT ]
What really happened in this match?
Wolo.gg analyzes every decision: build order, eco, micro, common mistakes by bracket. Personalized analysis on WhatsApp or Discord in 30 seconds.
Civ guide
Incas
Perfil
Jugador #5091998